 Dungeon Sprint DCSS version 0.27-a0-203-gd48b2df3c9 (webtiles) character file.

Game seed: 17847268629289102657

6331 mhtbhm the Brawler (level 11, -5/81 HPs)
             Began as a Formicid Transmuter on Jan 30, 2021.
             Was a High Priest of Sif Muna.
             Slain by a cane toad (15 damage)
             ... in the Dungeon (Sprint IX: "|||||||||||||||||||||||||||||").
             The game lasted 00:02:20 (1273 turns).

mhtbhm the Brawler (Formicid Transmuter)            Turns: 1273, Time: 00:02:20

Health: -5/81      AC:  5    Str: 17    XL:     11   Next: 16%
Magic:  20/26      EV: 16    Int: 17    God:    Sif Muna [*****.]
Gold:   9          SH:  0    Dex: 11    Spells: 17/32 levels left

rFire    . . .     SeeInvis +     - Unarmed
rCold    . . .     Faith    .   (shield currently unavailable)
rNeg     . . .     Spirit   .   a - +0 robe
rPois    .         Reflect  .   (helmet unavailable)
rElec    .         Harm     .   (no cloak)
rCorr    .         Rampage  .   (gloves currently unavailable)
Will     +....                  i - +0 pair of boots
Stlth    ++........             (no amulet)
HPRegen  0.23/turn              j - +3 ring of intelligence
MPRegen  0.20/turn              k - +2 ring of protection

@: blade hands, wereblooded
A: permanent stasis, dig shafts and tunnels, four strong arms, antennae 3
a: Dig, End Transformation, Renounce Religion, Channel Magic, Forget Spell,
Divine Exegesis


You were in the Dungeon.
You worshipped Sif Muna.
Sif Muna was extremely pleased with you.
You had blades for hands.
You visited 1 branch You collected 9 gold pieces.

Inventory:

Armour
 a - a +0 robe (worn)
 i - a +0 pair of boots (worn)
Jewellery
 j - a +3 ring of intelligence (left scythe-like blade)
 k - a +2 ring of protection (right scythe-like blade)
Wands
 h - a wand of acid (7)
Scrolls
 f - 4 scrolls of remove curse
 g - 2 scrolls of amnesia
 l - 2 scrolls of enchant weapon
 m - 4 scrolls of fog
 n - 2 scrolls of enchant armour
Potions
 b - a potion of invisibility
 c - 5 potions of curing
 d - 4 potions of heal wounds
 e - 4 potions of magic


   Skills:
 + Level 6.3 Fighting
 + Level 8.4 Dodging
 + Level 2.3 Stealth
 + Level 16.7 Unarmed Combat
 + Level 11.1 Spellcasting
 + Level 11.9 Transmutations
 + Level 2.1 Ice Magic
 + Level 2.7 Evocations


You had 17 spell levels left.
You knew the following spells:

 Your Spells              Type           Power        Failure   Level
a - Beastly Appendage     Tmut           100%         6%          1
b - Wereblood             Tmut           50%          7%          2
c - Spider Form           Tmut/Pois      14%          21%         3
d - Ice Form              Ice/Tmut       33%          30%         4
e - Blade Hands           Tmut           25%          19%         5

Your spell library contained the following spells:

 Spells                   Type           Power        Failure   Level
 Magic Dart               Conj           36%          41%         1
 Call Imp                 Summ           9%           50%         2
 Slow                     Hex            9%           50%         2
 Conjure Flame            Conj/Fire      9%           65%         3
 Dazzling Flash           Conj/Hex       18%          65%         3
 Mephitic Cloud           Conj/Pois/Air  9%           65%         3
 Stone Arrow              Conj/Erth      18%          65%         3
 Freezing Cloud           Conj/Ice/Air   5%           100%        6
 Iron Shot                Conj/Erth      4%           100%        6
 Blink                    Tloc           Unusable     N/A         2

Dungeon Overview and Level Annotations

Branches:
Dungeon (1/1)

Altars:
Cheibriados
Dithmenos
Elyvilon
Fedhas
Gozag
Hepliaklqana
Kikubaaqudgha
Makhleb
Nemelex Xobeh
Okawaru
Qazlal
Ru
Sif Muna
Trog
Uskayaw
Vehumet
Wu Jian
Xom
Yredelemnul
Zin
The Shining One
Beogh
Jiyva
Lugonu


Innate Abilities, Weirdness & Mutations

You cannot be hasted, slowed, berserked, paralysed or teleported.
You can dig through walls and to a lower floor.
Your four strong arms can wield two-handed weapons with a shield.
You have a pair of large antennae on your head. (SInv)


Message History

You feel much better. The cane toad misses you.
The blink frog blinks!
You shred the cane toad!!!
You kill the cane toad!
Sif Muna accepts your kill.
You see here Sif Muna's Compendium of Unholy Conjuration.
Sif Muna grants you a gift!
You barely miss the cane toad.
You howl as the wereblood boils in your veins!
The blink frog hits you!
* * * LOW HITPOINT WARNING * * *
You slice the cane toad!! You slash the cane toad.
The cane toad is severely wounded.
The cane toad closely misses you. The blink frog barely misses you.
Unknown command.
You hit the cane toad but do no damage.
The cane toad is severely wounded.
The blink frog hits you!
* * * LOW HITPOINT WARNING * * *
The blink frog blinks!
The cane toad stings you!
You die...

{
▓.▓.▓_▓
{
▓.▓.▓_▓
{ {
▓.▓.▓_▓
{
▓.▓.▓_▓
{
▓.▓.▓_▓
{
▓.▓.▓_▓
{
▓.▓.▓_▓
{
▓§▓.▓_▓
▓@▓.▓_▓
{
▓F▓.▓'▓
{
▓.▓.▓.▓
{
▓§▓.▓?▓
{
▓.▓.▓)▓
{
▓F▓.▓.▓
▓.▓.▓.▓
{
▓.▓.▓[▓
F▓.▓[▓


You could see a cane toad and a blink frog.

Vanquished Creatures
  A hydra (D)
  An unseen horror (D)
  2 black mambas (D)
  3 cane toads (D)
  2 komodo dragons (D)
  A troll (D)
  A hornet (D)
  A polar bear (D)
  A tyrant leech (D)
  3 blink frogs (D)
  A slime creature (D)
  A basilisk (D)
  A wraith (D)
  A yak (D)
  2 vampire mosquitoes (D)
  A water moccasin (D)
  A black bear (D)
  An ogre (D)
  An eye of draining (D)
  6 bullfrogs (D)
  A howler monkey (D)
  A hound (D)
  An ufetubus (D)
  An adder zombie (D)
  A leopard gecko (D)
  An orc (D)
  3 ball pythons (D)
  A bat zombie (D)
  A giant cockroach (D)
  2 frilled lizards (D)
  A kobold (D)
46 creatures vanquished.

Notes
Turn   | Place    | Note
-------+----------+-------------------------------------------
     0 | D        | mhtbhm the Formicid Transmuter began the quest for the Orb.
     0 | D        | Reached XP level 1. HP: 15/15 MP: 3/3
   186 | D        | Noticed a howler monkey
   190 | D        | Reached skill level 4 in Unarmed Combat
   190 | D        | Reached XP level 2. HP: 21/21 MP: 3/5
   197 | D        | HP: 1/21 [howler monkey (2)]
   201 | D        | Killed a howler monkey
   202 | D        | Reached skill level 5 in Unarmed Combat
   202 | D        | Reached XP level 3. HP: 19/26 MP: 5/8
   211 | D        | Reached skill level 6 in Unarmed Combat
   211 | D        | Reached XP level 4. HP: 15/32 MP: 6/9
   216 | D        | Found a roughly hewn altar of Beogh.
   216 | D        | Found a snail-covered altar of Cheibriados.
   216 | D        | Found a shadowy altar of Dithmenos.
   216 | D        | Found a white marble altar of Elyvilon.
   216 | D        | Found a blossoming altar of Fedhas.
   216 | D        | Found an opulent altar of Gozag.
   217 | D        | Found a hazy altar of Hepliaklqana.
   218 | D        | Found a viscous altar of Jiyva.
   219 | D        | Found an ancient bone altar of Kikubaaqudgha.
   220 | D        | Found a corrupted altar of Lugonu.
   221 | D        | Found a burning altar of Makhleb.
   222 | D        | Found a sparkling altar of Nemelex Xobeh.
   223 | D        | Found an iron altar of Okawaru.
   224 | D        | Found a stormy altar of Qazlal.
   225 | D        | Found a sacrificial altar of Ru.
   226 | D        | Found a shimmering blue altar of Sif Muna.
   227 | D        | Found a bloodstained altar of Trog.
   228 | D        | Found a hide-covered altar of Uskayaw.
   229 | D        | Found a radiant altar of Vehumet.
   230 | D        | Found an ornate altar of the Wu Jian Council.
   231 | D        | Found a shimmering altar of Xom.
   232 | D        | Found a basalt altar of Yredelemnul.
   233 | D        | Found a glowing silver altar of Zin.
   234 | D        | Found a glowing golden altar of the Shining One.
   244 | D        | Became a worshipper of Sif Muna the Loreminder
   280 | D        | Learned a level 2 spell: Wereblood
   284 | D        | Learned a level 3 spell: Spider Form
   289 | D        | Learned a level 4 spell: Ice Form
   376 | D        | Noticed an ogre
   376 | D        | Noticed a troll
   376 | D        | Noticed an unseen horror
   376 | D        | Noticed a hornet
   382 | D        | Killed an ogre
   383 | D        | Reached skill level 7 in Unarmed Combat
   383 | D        | Reached XP level 5. HP: 38/38 MP: 3/11
   385 | D        | Reached skill level 8 in Unarmed Combat
   385 | D        | Killed a troll
   385 | D        | Reached * piety under Sif Muna
   386 | D        | Reached skill level 5 in Dodging
   386 | D        | Reached skill level 10 in Unarmed Combat
   386 | D        | Reached XP level 6. HP: 47/47 MP: 3/15
   386 | D        | Reached XP level 7. HP: 52/52 MP: 3/16
   387 | D        | Killed an unseen horror
   388 | D        | Reached skill level 12 in Unarmed Combat
   388 | D        | Reached skill level 1 in Ice Magic
   388 | D        | Reached skill level 1 in Evocations
   388 | D        | Reached XP level 8. HP: 60/60 MP: 4/18
   388 | D        | Killed a hornet
   390 | D        | Reached ** piety under Sif Muna
   413 | D        | Learned a level 5 spell: Blade Hands
   485 | D        | Noticed a slime creature
   485 | D        | Noticed a wraith
   489 | D        | Killed a slime creature
   492 | D        | Reached skill level 13 in Unarmed Combat
   495 | D        | Reached *** piety under Sif Muna
   496 | D        | Reached XP level 9. HP: 65/65 MP: 5/21
   689 | D        | Noticed a komodo dragon
   689 | D        | Noticed a blink frog
   694 | D        | Killed a komodo dragon
   695 | D        | Noticed a komodo dragon
   697 | D        | Reached **** piety under Sif Muna
   702 | D        | Reached skill level 14 in Unarmed Combat
   708 | D        | Killed a komodo dragon
   709 | D        | Reached skill level 5 in Fighting
   709 | D        | Reached ***** piety under Sif Muna
   709 | D        | Identified Gahank's Handbook of Conjuration (Sif Muna
                  | gifted it to you in the Dungeon)
   709 | D        | Received a gift from Sif Muna
   718 | D        | Killed a blink frog
   719 | D        | Reached XP level 10. HP: 42/74 MP: 18/23
   867 | D        | Noticed a black mamba
   867 | D        | Noticed a black mamba
   867 | D        | Noticed a cane toad
   871 | D        | Killed a black mamba
   872 | D        | Reached skill level 1 in Stealth
   872 | D        | Reached skill level 10 in Transmutations
   874 | D        | Noticed a five-headed hydra
   879 | D        | Reached skill level 15 in Unarmed Combat
   879 | D        | Noticed a cane toad
   883 | D        | Reached skill level 10 in Spellcasting
  1118 | D        | Killed a five-headed hydra
  1118 | D        | Received a gift from Sif Muna
  1122 | D        | Killed a black mamba
  1124 | D        | Killed a cane toad
  1125 | D        | Reached skill level 16 in Unarmed Combat
  1127 | D        | Killed a cane toad
  1251 | D        | Noticed a cane toad
  1255 | D        | Reached XP level 11. HP: 72/81 MP: 18/25
  1270 | D        | Identified Sif Muna's Compendium of Unholy Conjuration (Sif
                  | Muna gifted it to you in the Dungeon)
  1270 | D        | Received a gift from Sif Muna
  1273 | D        | Slain by a cane toad

Illustrated notes

Levels and vault maps discovered:
D:        linesprint [early_d, line_temple, items_1, d_10, items_2, lair_1,
          lair_end, items_3, orc_1, orc_end, items_4, d_15, swamp_1, shoals_1,
          snake_1, spider_1, d_20, vaults_1, items_5, swamp_end, shoals_end,
          snake_end, spider_end, vaults_end, d_27, items_6, zot_1, zot_end,
          crypt_end, forest_end, elf_end, slime_end, tomb_end, abyss_end,
          pan_hell_end]

Skill      XL: |  1  2  3  4  5  6  7  8  9 10 11 |
---------------+----------------------------------+-----
Dodging        | 2 3 5 6 7 8 |  8.4
Unarmed Combat | 4 5 6 7 10 12 13 14 16 | 16.7
Spellcasting   | 3 4 6 7 8 9 10 11 | 11.1
Transmutations | 3 4 6 7 8 9 11 | 11.9
Fighting       | 2 3 4 5 6 |  6.3
Ice Magic      | 1 2 |  2.1
Evocations     | 1 2 |  2.7
Stealth        | 2 |  2.3

Action                   |  1- 3 |  4- 6 |  7- 9 | 10-12 || total
-------------------------+-------+-------+-------+-------++-------
Melee: Unarmed           |    32 |     3 |    37 |    50 ||   122
       Kick              |     7 |       |       |       ||     7
       Punch             |       |       |     1 |     2 ||     3
 Cast: Beastly Appendage |     2 |       |       |       ||     2
       Wereblood         |       |     1 |     2 |     3 ||     6
       Ice Form          |       |     1 |       |     1 ||     2
       Blade Hands       |       |       |     2 |     2 ||     4
Evoke: Wand              |       |     2 |       |     1 ||     3
  Use: Potion            |     1 |       |     1 |     2 ||     4
Armor: Robe              |     3 |       |     5 |     2 ||    10
       Skin              |       |     1 |     2 |     3 ||     6
Dodge: Dodged            |    14 |     2 |    23 |    18 ||    57

Table legend: (Time is in decaauts)
 A = Elapsed time spent in this place.
 B = Non-inter-level travel time spent in this place.
 C = Inter-level travel time spent in this place.
 D = Time resting spent in this place.
 E = Time spent auto-exploring this place.
 F = Levels seen in this place.
 G = Mean time per level.
                   A        B        C        D        E       F      G
               +--------+--------+--------+--------+--------+-----+--------+
         Total |   1245 |   1245 |      0 |    782 |    151 |   1 | 1245.0 |
       Dungeon |   1245 |   1245 |      0 |    782 |    151 |   1 | 1245.0 |
               +--------+--------+--------+--------+--------+-----+--------+

Top non-repeatable levels by time:
       D: 1245 daAuts
